 Dungeon Crawl Stone Soup version 0.27.0-1-g7a089689b8 (webtiles) character file.

Game seed: 12617748004216040777

95 Sweetruy1997 the Skirmisher (level 4, -2/41 HPs)
             Began as a Hill Orc Monk on Aug 15, 2021.
             Was a Believer of Beogh.
             Slain by Menkaure (5 damage)
             ... on level 4 of the Dungeon.
             The game lasted 00:06:05 (3561 turns).

Sweetruy1997 the Skirmisher (Hill Orc Monk)         Turns: 3561, Time: 00:06:06

Health: -2/41      AC:  5    Str: 14    XL:     4   Next: 65%
Magic:  4/4        EV:  8    Int: 10    God:    Beogh [**....]
Gold:   145        SH:  8    Dex: 13    Spells: 3/3 levels left

rFire    + . .     SeeInvis .   l - +2 dagger (venom)
rCold    . . .     Faith    .   b - +0 kite shield
rNeg     . . .     Spirit   .   c - +0 ring mail
rPois    .         Reflect  .   (no helmet)
rElec    .         Harm     .   (no cloak)
rCorr    .         Rampage  .   (no gloves)
Will     .....                  (no boots)
Stlth    +.........             (no amulet)
HPRegen  0.13/turn              d - ring of protection from fire
MPRegen  0.09/turn              (no ring)

@: no status effects
A: no striking features
a: Renounce Religion, Smiting


You were on level 4 of the Dungeon.
You worshipped Beogh.
Beogh was pleased with you.
You visited 1 branch of the dungeon, and saw 4 of its levels.

You collected 145 gold pieces.

Inventory:

Hand Weapons
 l - a +2 dagger of venom (weapon)
Missiles
 e - 3 boomerangs of dispersal (quivered)
Armour
 b - a +0 kite shield (worn)
 c - a +0 ring mail (worn)
Jewellery
 d - a ring of protection from fire (left hand)
Scrolls
 a - a scroll of identify {unknown}
 h - a scroll of noise
 j - a scroll of fog {unknown}
 k - a scroll of blinking {unknown}
 m - a scroll of torment {unknown}
 n - a scroll of enchant armour {unknown}
Potions
 f - a potion of brilliance {unknown}
 g - a potion of heal wounds {unknown}


   Skills:
 + Level 4.4 Fighting
 + Level 0.9 Short Blades
 - Level 4.3 Axes
 - Level 1.0 Armour
 - Level 3.0 Dodging
 + Level 1.7 Stealth
 + Level 1.9 Shields


You had 3 spell levels left.
You didn't know any spells.
Your spell library contained the following spells:

 Spells                   Type           Power      Damage    Failure   Level
 Call Canine Familiar     Summ           0%         N/A       100%        3
 Portal Projectile        Hex/Tloc       0%         N/A       100%        3
 Leda's Liquefaction      Hex/Erth       0%         N/A       100%        4


Dungeon Overview and Level Annotations

Branches:
Dungeon (4/15)
 Temple: D:4-7

Altars:
Nemelex Xobeh
Ru
Trog

Annotations:
D:4 Menkaure


Message History

There is an open door here.
Things that are here:
a +0 short sword; a +0 ring mail
There is an open door here.
Done exploring.
Done exploring.
There is an open door here.
There is an open door here.
There is a stone staircase leading down here.
You climb downwards.
Found a plate armour.
There is a stone staircase leading up here.
Menkaure, Prince of Dust comes into view.
Menkaure shouts!
You barely miss Menkaure. You block Menkaure's attack.
You hit Menkaure but do no damage. Menkaure hits you!
You barely miss Menkaure.
Menkaure mumbles some strange words.
Menkaure seems to speed up.
Okay, then.
As you read the scroll labelled WALAX XIDU, it crumbles to dust.
You hear a loud clanging noise!
It was a scroll of noise.
You hear an angry hiss. x3; You hear a shout!
Menkaure hits you!
As you read the scroll labelled ZERAN TOITENWI, it crumbles to dust.
The creatures around you are filled with an inner flame!
It was a scroll of immolation.
You block Menkaure's attack. Menkaure hits you!
* * * LOW HITPOINT WARNING * * *
You block Menkaure's attack.
Menkaure blazes with dark energy!
You see here a +0 plate armour.
Menkaure calls on the powers of darkness!
You feel a surge of unholy energy.
Menkaure grins.
You block Menkaure's attack.
There is a stone staircase leading up here.
Menkaure hits you.
You die...

..# #...# ...+
+... ...#+#..##
.........#
##...##...###
#....#......# #
##..# #......#
#.#.@.###......#
#....M.#......##
##......[....##
#......#.##.##
≈.......##.# ##
≈≈...########
≈≈..# ≈... ...


You could see Menkaure (fast, inner flame).

Vanquished Creatures
  A scorpion (D:3)
  2 adders
  3 dart slugs
  An orc (D:3)
  4 bats
  3 endoplasms
  A giant cockroach (D:1)
  7 goblins
  4 hobgoblins
  5 jackals
  2 quokkas
  12 ball pythons
  3 frilled lizards
  6 kobolds
  7 rats
61 creatures vanquished.

Vanquished Creatures (others)
  An orc (D:3)
  A hobgoblin (D:3)
  A rat (D:3)
3 creatures vanquished.

Grand Total: 64 creatures vanquished

Notes
Turn   | Place    | Note
-------+----------+-------------------------------------------
     0 | D:1      | Sweetruy1997 the Hill Orc Monk began the quest for the Orb.
     0 | D:1      | Reached XP level 1. HP: 19/19 MP: 1/1
   267 | D:1      | Reached XP level 2. HP: 17/27 MP: 2/2
   951 | D:1      | Reached XP level 3. HP: 33/33 MP: 3/3
  1084 | D:1      | Found a faded altar of an unknown god.
  1857 | D:2      | Reached skill level 1 in Shields
  2017 | D:2      | Reached skill level 1 in Armour
  2017 | D:2      | Reached XP level 4. HP: 33/41 MP: 4/4
  2598 | D:3      | Became a worshipper of Beogh the Brigand
  2598 | D:3      | Reached * piety under Beogh
  2598 | D:3      | Reached ** piety under Beogh
  2691 | D:3      | Found a sparkling altar of Nemelex Xobeh.
  2692 | D:3      | Found a sacrificial altar of Ru.
  2693 | D:3      | Found a bloodstained altar of Trog.
  2874 | D:3      | Noticed a scorpion
  2878 | D:3      | Killed a scorpion
  3544 | D:4      | Noticed Menkaure
  3553 | D:4      | HP: 2/41 [Menkaure (17)]
  3561 | D:4      | Slain by Menkaure

Illustrated notes

Levels and vault maps discovered:
D:1:      minmay_arrival_split_and_join, layout_basic,
          hellmonk_ecumenical_altar_inner_sanctum
D:2:      layout_basic
D:3:      layout_basic, chequers_temple_overflow_statue_of_worship
D:4:      layout_cave_pools, kennysheep_mini, mainiacjoe_overflow_catwalk,
          ebering_ghost_sewer_d, uniq_menkaure

Skill      XL: |  1  2  3  4 |
---------------+-------------+-----
Fighting       | 4 |  4.4
Shields        | 1 |  1.9
Armour         | 1 |  1.0
Dodging        | 3 |  3.0
Short Blades   | |  0.9
Axes           | |  4.3
Stealth        | |  1.7

Action                   |  1- 3 |  4- 6 || total
-------------------------+-------+-------++-------
Melee: Hand axe          |    85 |       ||    85
       Short sword       |    46 |    18 ||    64
       Dagger            |       |    24 ||    24
Throw: Boomerang         |       |     2 ||     2
Invok: Convert to Beogh  |       |     1 ||     1
  Use: Scroll            |       |     2 ||     2
 Stab: Sleeping          |     1 |     1 ||     2
Armor: Robe              |     3 |       ||     3
       Ring mail         |    47 |    18 ||    65
Dodge: Dodged            |    50 |     8 ||    58
Block: Kite shield       |    46 |    22 ||    68
